 Dungeon Crawl Stone Soup version 0.27-a0-1448-g9c78c815f3 (webtiles) character file.

Game seed: 15316117863563702347

84 AarnesTheHuman the Skirmisher (level 4, -6/37 HPs)
             Began as a Formicid Abyssal Knight on July 5, 2021.
             Was a Believer of Lugonu.
             Mangled by an orc (7 damage)
             ... on level 3 of the Dungeon.
             The game lasted 00:02:31 (2749 turns).

AarnesTheHuman the Skirmisher (FoAK)                Turns: 2749, Time: 00:02:32

Health: -6/37      AC:  3    Str: 17    XL:     4   Next: 74%
Magic:  6/6        EV: 15    Int: 12    God:    Lugonu [**....]
Gold:   96         SH:  0    Dex: 10    Spells: 3/3 levels left

rFire    . . .     SeeInvis +   a - +1 falchion
rCold    . . .     Faith    .   (no shield)
rNeg     . . .     Spirit   .   b - +0 leather armour
rPois    .         Reflect  .   (helmet unavailable)
rElec    .         Harm     .   (no cloak)
rCorr    .         Rampage  .   (no gloves)
Will     .....                  (no boots)
Stlth    +.........             (no amulet)
HPRegen  0.12/turn              c - ring of wizardry
MPRegen  0.10/turn              i - +4 ring of evasion

@: mighty
A: permanent stasis, dig shafts and tunnels, antennae 3, four strong arms
a: Dig, Shaft Self, Renounce Religion, Depart the Abyss, Bend Space


You were on level 3 of the Dungeon.
You worshipped Lugonu.
Lugonu was pleased with you.
You visited 1 branch of the dungeon, and saw 3 of its levels.
You visited the Abyss 1 time.

You collected 96 gold pieces.

Inventory:

Hand Weapons
 a - a +1 falchion (weapon)
Missiles
 f - 25 poisoned darts
Armour
 b - a +0 leather armour (worn)
Jewellery
 c - a ring of wizardry (left hand)
 i - a +4 ring of evasion (right hand)
 m - an amulet of magic regeneration
 n - a ring of poison resistance
Scrolls
 d - 2 scrolls of enchant weapon {unknown}
 h - a scroll of silence {unknown}
 j - a scroll of holy word {unknown}
 l - a scroll of amnesia {unknown}
Potions
 e - 3 potions of curing
 k - a potion of attraction {unknown}


   Skills:
 + Level 4.0 Fighting
 + Level 2.8 Long Blades
 + Level 3.1 Armour
 - Level 0.8 Dodging
 + Level 3.2 Invocations


You had 3 spell levels left.
You didn't know any spells.
Your spell library was empty.

Dungeon Overview and Level Annotations

Branches:
Dungeon (3/15)

Altars:


Innate Abilities, Weirdness & Mutations

You cannot be hasted, slowed, berserked, paralysed or teleported.
You can dig through walls and to a lower floor.
You have a pair of large antennae on your head. (SInv)
Your four strong arms can wield two-handed weapons with a shield.


Message History

The orc wizard moves out of view.
An orc comes into view. It is wielding a +0 club.
The orc shouts!
The orc wizard misses you.
An orc and an orc priest come into view.
The orc shouts!
The orc priest shouts!
The orc wizard misses you. The orc misses you.
You riposte.
You closely miss the orc. You barely miss the orc wizard.
The orc priest hits you from afar with a +0 spear.
You hit the orc wizard but do no damage.
The orc closely misses you.
The orc priest mumbles some strange prayers to Beogh against you.
Beogh smites you!
You hit the orc wizard but do no damage.
The orc wizard misses you.
You riposte.
You hit the orc wizard but do no damage.
The orc completely misses you.
The orc priest hits you from afar with a +0 spear.
You barely miss the orc.
The orc closely misses you. x2; You riposte.
You hit the orc but do no damage.
The orc priest hits you from afar with a +0 spear.
The orc wizard hits you from afar with a +0 spear.
The orc barely misses you. The orc hits you with a +0 club.
* * * LOW HITPOINT WARNING * * *
You hit the orc.
The orc is lightly wounded.
The orc priest closely misses you. The orc hits you with a +0 hand axe.
* * * LOW HITPOINT WARNING * * *
The orc wizard hits you from afar with a +0 spear.
* * * LOW HITPOINT WARNING * * *
The orc barely misses you.
You riposte.
You hit the orc.
The orc is heavily wounded.
The orc barely misses you. The orc priest misses you.
It was a potion of might.
You feel very mighty all of a sudden. The orc hits you with a +0 hand axe.
* * * LOW HITPOINT WARNING * * *
The orc wizard barely misses you. The orc hits you with a +0 flail!
You die...

#########.#รท.....................
#.#...#####......#####...
#.####### ######.# #... #.).....#
#.# #..# #######.## #.# #..#
.........#######.# ##.#
#######..........# #..
#..######### .# #.@# #..oooo....#
#....o.....# ............#
..............# ..............#
..............# ....#...#.#####


You could see an orc priest, an orc wizard and 3 orcs.

Vanquished Creatures
  3 adders
  2 worms
  An orc (D:3)
  4 ball pythons
  4 bats
  9 endoplasms
  3 giant cockroaches (D:2)
  3 goblins
  4 hobgoblins
  4 jackals (D:3)
  2 frilled lizards
  3 kobolds
  A rat (D:3)
43 creatures vanquished.

Notes
Turn   | Place    | Note
-------+----------+-------------------------------------------
     0 | Abyss:1  | AarnesTheHuman the Formicid Abyssal Knight began the quest
                  | for the Orb.
     0 | Abyss:1  | Reached XP level 1. HP: 18/18 MP: 2/2
    30 | D:1      | Escaped the Abyss
   225 | D:1      | Reached XP level 2. HP: 24/24 MP: 3/3
   651 | D:1      | Found a faded altar of an unknown god.
  1183 | D:2      | Reached XP level 3. HP: 29/29 MP: 3/5
  1957 | D:2      | Reached XP level 4. HP: 31/37 MP: 6/6
  1957 | D:2      | Reached ** piety under Lugonu
  2487 | D:3      | Reached skill level 4 in Fighting
  2749 | D:3      | HP: 1/37 [orc (4)]
  2749 | D:3      | Mangled by an orc

Illustrated notes

Levels and vault maps discovered:
D:1:      heliophobic_arrival_dark_side_of_the_moon, layout_basic,
          hellmonk_ecumenical_altar_slurped_away
D:2:      layout_loops_ring
D:3:      layout_basic

Skill      XL: |  1  2  3  4 |
---------------+-------------+-----
Invocations    | 3 |  3.2
Armour         | 3 |  3.1
Fighting       | 4 |  4.0
Long Blades    | |  2.8
Dodging        | |  0.8

Action                   |  1- 3 |  4- 6 || total
-------------------------+-------+-------++-------
Melee: Falchion          |    73 |    53 ||   126
  Use: Scroll            |     2 |       ||     2
       Potion            |       |     1 ||     1
Armor: Leather armour    |    17 |    14 ||    31
Dodge: Dodged            |    40 |    61 ||   101
       Rpst.: Falchion   |    11 |    25 ||    36

Table legend: (Time is in decaauts)
 A = Elapsed time spent in this place.
 B = Non-inter-level travel time spent in this place.
 C = Inter-level travel time spent in this place.
 D = Time resting spent in this place.
 E = Time spent auto-exploring this place.
 F = Levels seen in this place.
 G = Mean time per level.
                   A        B        C        D        E       F      G
               +--------+--------+--------+--------+--------+-----+--------+
         Total |   2769 |   2699 |     70 |    255 |   2127 |   4 |  692.2 |
       Dungeon |   2739 |   2669 |     70 |    255 |   2105 |   3 |  913.0 |
         Abyss |     30 |     30 |      0 |      0 |     22 |   1 |   30.0 |
               +--------+--------+--------+--------+--------+-----+--------+

Top non-repeatable levels by time:
     D:1: 1153 daAuts
     D:2: 1061 daAuts
     D:3: 524 daAuts
 Abyss:1: 30 daAuts
